 Dungeon Crawl Stone Soup version 0.31.0-11-ge490571c62 (webtiles) character file.

Game seed: 5601308517938331399

3758117 Sergey the Wrestler (level 26, 367/367 HPs)
             Began as a Troll Brigand on Jan 31, 2024.
             Was an Initiate of Yredelemnul.
             Escaped with the Orb
             ... and 5 runes
             ... and 1 gem!
             The game lasted 03:08:43 (56666 turns).

Sergey the Wrestler (Troll Brigand)                Turns: 56666, Time: 03:08:44

Health: 367/367    AC: 33    Str: 35    XL:     26   Next: 37%
Magic:  36/36      EV: 13    Int:  9    God:    Yredelemnul [......]
Gold:   2326       SH: 17    Dex: 11    Spells: 27/29 levels left

rFire   + +          .
                       - Unarmed
rCold   + . .        Q - +1 kite shield {rF+}
rNeg    + + .        y - melded +2 robe {rC+ rF+}
rPois   ∞            W - +2 hat
rElec   +            U - +1 cloak {Will+}
rCorr   .            (gloves unavailable)
SInv    .            (boots unavailable)
Will    ++++.        z - amulet "Veisis" {Reflect ^Drain Will+ Regen+ Str+3 SH+5}
Stlth   +            S - ring "Bigaalun" {rC+ Slay+3}
HPRegen 2.41/turn    f - ring "Syiqar" {rF+ rN+ Will+, =R}
MPRegen 0.25/turn

%: reflection
@: statue-form, studying Conjurations, very slow
A: slow and powerful, torment resistance 1, boosted hp, large, unfitting armour,
claws 3, regeneration 1, (shaggy fur 1), (tough skin 1), antennae 1, talons 1,
sense surroundings 1, screaming 1
0: Orb of Zot
}: 5/15 runes: serpentine, barnacled, slimy, silver, abyssal
a: Begin Untransformation, Renounce Religion, Recall Undead Harvest


You escaped.
You worshipped Yredelemnul.
Yredelemnul was greatly pleased with you.
You were a living statue of rough stone.
You visited 10 branches of the dungeon, and saw 52 of its levels.
You visited the Abyss 2 times.
You also visited: Gauntlet, Ice Cave, Wizlab and Desolation.

You collected 8645 gold pieces.
You spent 6319 gold pieces at shops.

Inventory:

Hand Weapons
 a - a +3 dagger
 e - the +6 mace "Ogre's Peril" {freeze, rElec Will++ Str-2 Dex+3}
   (You took it off an orc priest on level 8 of the Dungeon)

   Str-2:     It affects your strength (-2).
   Dex+3:     It affects your dexterity (+3).
   rElec:     It insulates you from electricity.
   Will++:    It greatly increases your willpower.
Missiles
 d - 7 curare-tipped darts
 u - a throwing net
 w - 10 javelins
 x - 6 datura-tipped darts {!f}
 B - 9 silver javelins
 L - 35 boomerangs (quivered)
Armour
 y - a +2 robe of resistance (melded)
 M - a +2 kite shield of protection
 Q - a +1 kite shield of fire resistance (worn)
 U - a +1 cloak of willpower (worn)
 W - a +2 hat (worn)
Jewellery
 f - a ring "Syiqar" (right claw) {rF+ rN+ Will+, =R}
   (You bought it in a shop on level 15 of the Dungeon)

   [ring of positive energy]

   rF+:       It protects you from fire.
   rN+:       It protects you from negative energy.
   Will+:     It increases your willpower.
 l - the ring of Asceticism {rElec rPois Int-4 Dex+6 Slay+6}
   (You found it in a Gauntlet)

   [ring of dexterity]

   Int-4:     It affects your intelligence (-4).
   Dex+6:     It affects your dexterity (+6).
   Slay+6:    It affects your accuracy & damage with ranged weapons and melee
   (+6).
   rElec:     It insulates you from electricity.
   rPois:     It protects you from poison
 q - the ring "Jieg Xes" {rCorr EV+5}
   (You bought it in a shop on level 1 of the Snake Pit)

   [ring of evasion]

   EV+5:      It affects your evasion (+5).
   rCorr:     It protects you from acid and corrosion.
 z - the amulet "Veisis" (around neck) {Reflect ^Drain Will+ Regen+ Str+3 SH+5}
   (You bought it in a shop on level 2 of the Orcish Mines)

   [amulet of reflection]

   Reflect:   It reflects blocked missile attacks.
   Str+3:     It affects your strength (+3).
   Will+:     It increases your willpower.
   Regen+:    It increases your rate of health regeneration.
   ^Drain:    It drains your maximum health when unequipped.
   SH+5:      It affects your SH (+5).
 G - a ring of see invisible
 K - a ring of protection from fire
 O - a +6 ring of intelligence
 S - the ring "Bigaalun" (left claw) {rC+ Slay+3}
   (You found it in the Desolation of Salt)

   [ring of protection from cold]

   Slay+3:    It affects your accuracy & damage with ranged weapons and melee
   (+3).
   rC+:       It protects you from cold.
 X - the amulet of the Dropbear {Acrobat rF+ Str+7 Dex-2 Slay-5}
   (You found it on level 14 of the Dungeon)

   [amulet of the acrobat]

   Acrobat:   It increases your evasion while moving and waiting.
   Str+7:     It affects your strength (+7).
   Dex-2:     It affects your dexterity (-2).
   Slay-5:    It affects your accuracy & damage with ranged weapons and melee
   (-5).
   rF+:       It protects you from fire.
Talismans
 Y - a granite talisman (active)
Wands
 c - a wand of light (14)
 i - a wand of iceblast (36)
 v - a wand of digging (10)
 D - a wand of mindburst (21)
 F - a wand of paralysis (26)
Scrolls
 b - 4 scrolls of poison
 g - 3 scrolls of fog {@r2}
 j - 5 scrolls of vulnerability {!r}
 k - 2 scrolls of blinking {@r4}
 n - 15 scrolls of teleportation {@r3}
 p - a scroll of brand weapon
 t - 3 scrolls of immolation
 P - 3 scrolls of torment
 T - a scroll of fear
 Z - 2 scrolls of silence {!r}
Potions
 h - 3 potions of magic
 m - 4 potions of berserk rage
 o - 7 potions of heal wounds {@q1}
 r - 13 potions of curing {@q2}
 s - 8 potions of cancellation
 A - a potion of haste {@q5}
 E - 7 potions of enlightenment
 H - 4 potions of lignification
 I - a potion of invisibility
 J - 7 potions of mutation
 N - 3 potions of might {@q3}
 V - 5 potions of ambrosia
Miscellaneous
 C - a box of beasts
 R - a lightning rod (4/4)


   Skills:
 + Level 20.1 Fighting
 - Level 1.5 Short Blades
 - Level 6.0 Throwing
 - Level 12.0 Dodging
 - Level 2.1 Stealth
 - Level 12.0 Shields
 + Level 24.1 Unarmed Combat
 - Level 2.0 Spellcasting
 - Level 6.0 Translocations
 - Level 20.0 Invocations
 - Level 6.0 Evocations
 - Level 18.0 Shapeshifting


You had 27 spell levels left.
You knew the following spells:

 Your Spells              Type           Power      Damage    Failure   Level
e - Blink                 Tloc           22%        N/A       6%          2

Your spell library contained the following spells:

 Spells                   Type           Power      Damage    Failure   Level
 Lesser Beckoning         Tloc           22%        N/A       6%          2
 Gell's Gravitas          Tloc           11%        N/A       12%         3
 Teleport Other           Tloc           11%        N/A       12%         3
 Momentum Strike          Conj/Tloc      12%        3d8       21%         2
 Passage of Golubria      Tloc           11%        N/A       36%         4
 Volatile Blastmotes      Fire/Tloc      12%        2d11      38%         3
 Foxfire                  Conj/Fire      0%         2x1d4     43%         1
 Kiss of Death            Conj/Necr      0%         2d5       43%         1
 Magic Dart               Conj           0%         1d3       43%         1
 Necrotise                Necr           0%         1d4       43%         1
 Sandblast                Erth           0%         2d4       43%         1
 Shock                    Conj/Air       0%         1d3       43%         1
 Slow                     Hex            0%         N/A       43%         1
 Sting                    Conj/Alch      0%         1d3       43%         1
 Call Imp                 Summ           0%         N/A       56%         2
 Cigotuvi's Dreadful Rot  Necr/Alch/Air  0%         N/A       56%         2
 Mercury Vapours          Alch/Air       0%         N/A       56%         2
 Searing Ray              Conj           0%         2d4       56%         2
 Static Discharge         Conj/Air       0%         3-3/arc   56%         2
 Confusing Touch          Hex            0%         N/A       80%         3
 Mephitic Cloud           Conj/Alch/Air  0%         N/A       80%         3
 Passwall                 Erth           0%         N/A       80%         3
 Sigil of Binding         Hex            0%         N/A       80%         3
 Stone Arrow              Conj/Erth      0%         3d7       80%         3
 Summon Ice Beast         Ice/Summ       0%         N/A       80%         3
 Swiftness                Air            0%         N/A       80%         3
 Tukima's Dance           Hex            0%         N/A       80%         3
 Vampiric Draining        Necr           0%         2d6       80%         3
 Dimensional Bullseye     Hex/Tloc       3%         N/A       80%         4
 Iskenderun's Mystic Bla  Conj/Tloc      6%         2d4       80%         4
 Vhi's Electric Charge    Tloc/Air       12%        N/A       80%         4
 Airstrike                Air            0%         2d(0-16)  99%         4
 Brom's Barrelling Bould  Conj/Erth      0%         2d3       99%         4
 Cause Fear               Hex            0%         N/A       99%         4
 Dispel Undead            Necr           0%         3d6       99%         4
 Fulminant Prism          Conj/Alch      0%         3d5       99%         4
 Martyr's Knell           Necr/Summ      0%         N/A       99%         4
 Olgreb's Toxic Radiance  Alch           0%         N/A       99%         4
 Petrify                  Alch/Erth      0%         N/A       99%         4
 Sticky Flame             Fire/Alch      0%         2d4       99%         4
 Summon Blazeheart Golem  Fire/Summ      0%         N/A       99%         4
 Summon Lightning Spire   Summ/Air       0%         N/A       99%         4
 Dispersal                Tloc           5%         N/A       99%         6
 Arcjolt                  Conj/Air       0%         1d10      100%        5
 Borgnjor's Vile Clutch   Necr/Erth      0%         N/A       100%        5
 Fireball                 Conj/Fire      0%         3d3       100%        5
 Freezing Cloud           Conj/Ice/Air   0%         6-21      100%        5
 Irradiate                Conj/Alch      0%         3d11      100%        5
 Iskenderun's Battlesphe  Conj           0%         2d6       100%        5
 Silence                  Hex/Air        0%         N/A       100%        5
 Summon Mana Viper        Hex/Summ       0%         N/A       100%        5
 Yara's Violent Unravell  Hex/Alch       0%         3d3       100%        5
 Bombard                  Conj/Erth      0%         9d1       100%        6
 Conjure Ball Lightning   Conj/Air       0%         3x3d6     100%        6
 Plasma Beam              Fire/Air       0%         2x1d10    100%        6
 Starburst                Conj/Fire      0%         6d3       100%        6
 Haunt                    Necr/Summ      0%         N/A       100%        7
 Monstrous Menagerie      Summ           0%         N/A       100%        7
 Orb of Destruction       Conj           0%         9d5       100%        7
 Spellforged Servitor     Conj/Summ      0%         N/A       100%        7
 Summon Hydra             Summ           0%         N/A       100%        7
 Borgnjor's Revivificati  Necr           0%         N/A       100%        8
 Discord                  Hex            0%         N/A       100%        8
 Disjunction              Tloc           5%         N/A       100%        8
 Infestation              Necr           0%         N/A       100%        8
 Lehudib's Crystal Spear  Conj/Erth      0%         10d2      100%        8
 Chain Lightning          Conj/Air       0%         N/A       100%        9
 Death's Door             Necr           0%         N/A       100%        9
 Dragon's Call            Summ           0%         N/A       100%        9
 Fire Storm               Conj/Fire      0%         5d1       100%        9
 Sublimation of Blood     Necr           Unusable   N/A       N/A         2
 Animate Dead             Necr           Unusable   N/A       N/A         4
 Death Channel            Necr           Unusable   N/A       N/A         6

Dungeon Overview and Level Annotations

Branches:
Dungeon (15/15)            Temple (0/1) D:6            Lair (5/5) D:11
 Shoals (4/4) Lair:3        Snake (4/4) Lair:2        Slime (5/5) Lair:5
    Orc (2/2) D:11            Elf (3/3) Orc:2        Vaults (5/5) D:13
  Crypt (0/3) Vaults:2     Depths (4/4) D:15            Zot (5/5) Depths:4
  IceCv (visited)          WizLab (visited)         Desolation (visited)
Gauntlet (visited)

Altars:
Cheibriados
Elyvilon
Fedhas
Hepliaklqana
Makhleb
Nemelex Xobeh
Okawaru
Qazlal
Sif Muna
Vehumet
Xom
Yredelemnul
Zin
The Shining One

Shops:
D:9 (   D:10 =   D:11 *(   D:15 =   Orc:2 *!=!   Elf:2 *   Shoals:1 =((
Snake:1 ?*[   Snake:3 (=*[   Vaults:1 (   Vaults:2 [

Portals:
Abyss: Depths:3
Pandemonium: Depths:1 Depths:2

Annotations:
D:1 2 runed translucent doors
D:2 1 runed translucent door, Crazy Yiuf
D:3 Boris
D:7 Jeremiah
D:8 exclusion: oklob plant
D:9 4 runed translucent doors
D:11 4 runed translucent doors
D:14 1 runed translucent door
Lair:2 6 runed translucent doors
Lair:3 exclusion: lindwurm
Shoals:1 1 runed translucent door, Teryn's ghost, journeyman DsAK
Shoals:2 exclusion: downstairs
Orc:2 3 runed translucent doors, 5 exclusions, MrCrawl's ghost, adept DrFE
Elf:1 20 runed translucent doors, exclusion: orange crystal statue
Elf:2 3 runed translucent doors, 6 exclusions
Vaults:1 exclusions: downstairs and 2 more exclusions
Zot:1 exclusion: downstairs


Innate Abilities, Weirdness & Mutations

You are a living statue of rough stone.
Your actions are slow, but your melee attacks are powerful.
You are resistant to unholy torment.
Your maximum health is greatly increased.
Your equipment is partially melded.
You are too large for most types of armour.
You are immune to poison.
You have claws for hands.
Your natural rate of healing is unusually fast.
((You are covered in fur. (AC +1)))
((You have tough skin. (AC +1)))
You have a pair of small antennae on your head.
You have sharp toenails.
You passively map a small area around you.
You occasionally shout uncontrollably at your foes.


Message History

You are engulfed in excruciating misery.
Boris gestures at you while chanting. The bolt of cold hits you!! You resist.
Boris casts a spell at you.
You block the iron shot... and reflect it back!
The iron shot hits Boris!!!
You climb upwards.
Level annotation: 1 runed translucent door, Crazy Yiuf
There is a stone staircase leading down here.
You feel better.
You feel better.
You feel better.
You feel better.
You feel better.
There is a stone staircase leading up here.
You climb upwards.
Level annotation: 2 runed translucent doors
There is a stone staircase leading down here.
What level of the Dungeon? (default 1, ? - help)
You open the door.
There is an open door here.
A toenail golem comes into view.
Unknown command.
Unknown command.
Aiming: Dig
Press: ? - help, Shift-Dir - straight line You can't see that place.
The rock shatters into small pieces.
You block the toenail golem's attack.
You eviscerate the toenail golem!!!!
You destroy the toenail golem!
You hear a shout! x2
An Orb Guardian comes into view.
You eviscerate the Orb Guardian!!!!
You kill the Orb Guardian!
You feel your dexterity returning.
You see here a +0 whip.
There is a staircase leading out of the dungeon here.
Unknown command.
You have escaped!

.........#######.#.#...........##
.....>.......#..P#.###....~.~..#
.......#######'###.# #.....⌠...#
###..........#P....# #....~~~..#
.......############# #.........#
.......# ###...#...# .......#####
######### ...........#
################## ##.........#
#8.#..#.##...#.... #.........#
##..##..#.##....#. ##+#'######
#..##.#.#...#....# #.#..###
##.)#.###.#.....#. ###.##...#
###.#...#..#...#. .......#.#
##.######.#...#..# .......+.#
#.#...#.##.#..##.. .......#.#
#.###..##.##...... .......#.#
##..###.#.#..#....


There were no monsters in sight!

Vanquished Creatures
  the Royal Jelly (Slime:5)
  4 dread liches
  3 ancient liches
  3 orbs of fire
  Mennas (Vaults:2)
  Sojobo (Vaults:5)
  Xtahua (Depths:3)
  6 Killer Klowns (Zot:5)
  Boris (twice) (D:15 Depths:2)
  Saint Roka (D:13)
  Margery (Depths:3)
  A curse toe (Zot:5)
  4 golden dragons
  Nikola (Depths:1)
  A profane servitor (Depths:3)
  3 electric golems
  10 tentacled monstrosities
  An Ice Fiend (Depths:1)
  A walking crystal tome (Depths:3)
  3 liches
  Mlioglotl (Shoals:3)
  A walking earthen tome (Depths:1)
  2 titans (Vaults:5)
  18 Orb Guardians
  An Executioner (Abyss:2)
  4 quicksilver dragons
  2 walking divine tomes (Depths:1)
  A searing wretch (Depths:3)
  A sphinx (Depths:1)
  2 deep elf master archers (Elf:3)
  A deep elf blademaster (Elf:3)
  5 acid blobs
  4 shadow dragons
  11 tentacled starspawn
  5 death cobs
  Donald (Shoals:3)
  5 tengu reavers
  9 storm dragons
  2 daevas
  7 azure jellies
  5 fire giants
  3 nagarajas
  3 draconian monks
  5 draconian knights
  8 rockslimes
  3 draconian shifters
  5 frost giants
  16 vault wardens
  3 draconian scorchers
  An imperial myrmidon (Desolation)
  An iron dragon (Vaults:5)
  5 deep elf sorcerers
  A ghost moth (Depths:4)
  Louise (D:15)
  4 deep elf elementalists
  3 draconian annihilators
  6 draconian stormcallers
  5 quicksilver oozes (Slime:5)
  A cacodemon (Abyss:2)
  A reaper (Depths:4)
  A spriggan defender (Depths:3)
  13 ironbound preservers
  20 very ugly things
  6 ironbound thunderhulks
  5 green draconians
  9 stone giants
  4 formless jellyfish
  A ghoul (Vaults:2)
  3 deep elf demonologists (Elf:3)
  9 deep elf annihilators
  2 lorocyprocas
  3 vampire knights
  9 deep elf death magi
  5 red draconians
  11 black draconians
  3 halazid warlocks (Desolation)
  4 white draconians
  7 yellow draconians
  2 war gargoyles (Vaults:5)
  5 purple draconians
  Nessos (D:13)
  A minotaur (Gauntlet)
  13 dire elephants
  5 spark wasps
  10 ettins
  2 eidola
  2 blizzard demons
  A green death (Gauntlet)
  2 crystal guardians
  3 ragged hierophants (Desolation)
  2 fire dragons
  An entropy weaver (shapeshifter) (Vaults:5)
  14 yaktaur captains
  3 merfolk impalers
  7 deep elf high priests
  An ice dragon (Depths:1)
  3 spriggan air magi
  A hydra (Lair:4)
  13 great orbs of eyes
  4 ironbound frosthearts (Vaults:2)
  12 peacekeepers
  5 servants of whispers (Desolation)
  4 rakshasas
  21 vault guards
  2 merfolk avatars
  2 ogre magi (Vaults:5)
  A catoblepas (Shoals:3)
  A quicksilver dragon skeleton (Abyss:3)
  15 dancing weapons
  4 anacondas
  12 centaur warriors
  5 naga warriors
  7 merfolk aquamancers
  2 boulder beetles
  3 satyrs
  4 deep troll shamans
  8 tengu warriors
  8 thrashing horrors
  6 hell hogs
  A vampire mage (Depths:1)
  5 deep troll earth magi
  An orc high priest (Vaults:1)
  An occultist (Depths:1)
  3 spriggan berserkers
  5 shock serpents
  A titan zombie (Abyss:2)
  3 death yaks (Shoals:3)
  5 sun demons
  13 naga sharpshooters
  Sonja (Lair:5)
  18 deep elf knights
  8 hell knights
  6 iron trolls
  8 wretched stars
  A skyshark (Shoals:2)
  6 salamander mystics
  A sixfirhy (Abyss:2)
  9 sea snakes
  A glowing orange brain (Abyss:2)
  A skeletal warrior (D:15)
  2 spriggan riders (Depths:3)
  A death drake (shapeshifter) (Depths:1)
  A sea snake (shapeshifter) (Vaults:5)
  13 deep elf archers
  An anaconda zombie (Abyss:2)
  27 deep trolls
  4 mana vipers (Snake:1)
  7 orc knights
  A flayed ghost (Depths:1)
  3 naga ritualists
  17 harpies
  8 arcanists
  8 lindwurms
  14 ironbound convokers
  4 necromancers
  2 fire giant zombies (Vaults:2)
  9 large abominations
  3 orc sorcerers
  17 ugly things
  4 phantasmal warriors
  11 manticores
  23 deep elf zephyrmancers
  2 stone giant zombies
  A will-o-the-wisp (Abyss:2)
  6 moths of wrath
  10 fauns
  24 deep elf pyromancers
  13 salamanders
  An iron dragon zombie (Depths:1)
  A cyclops (D:14)
  3 worldbinders (Abyss:2)
  2 merfolk sirens
  5 meliai (D:15)
  34 black mambas
  An elephant (Lair:4)
  8 vault sentinels
  A toenail golem (D:1)
  3 guardian serpents
  8 water nymphs
  2 molten gargoyles (Desolation)
  A gargoyle (D:13)
  3 torpor snails (Lair:2)
  An orange demon (Abyss:1)
  5 smoke demons
  8 naga magi
  2 centaur skeletons (D:15)
  3 elf zombies
  19 cane toads
  2 freezing wraiths
  A rime drake (Lair:1)
  A dire elephant skeleton (Abyss:2)
  A hellion (Depths:1)
  3 unseen horrors
  A yaktaur zombie (Vaults:2)
  Psyche (D:8)
  3 tengu conjurers
  12 komodo dragons
  26 yaktaurs
  A yaktaur skeleton (Vaults:2)
  A tormentor (Abyss:3)
  6 trolls
  7 ancient zymes
  6 hellwings
  16 merfolk
  A tyrant leech (Lair:5)
  A hydra zombie (Abyss:2)
  A troll (shapeshifter) (Depths:1)
  A glass eye (Depths:1)
  2 hornets
  2 tarantellas (Lair:2)
  A shadow dragon simulacrum (Depths:1)
  9 wind drakes
  44 saltlings (Desolation)
  A harpy skeleton (Abyss:2)
  A hornet (shapeshifter) (D:14)
  Prince Ribbit (D:6)
  11 snapping turtles
  4 raiju
  4 dream sheep (Lair:3)
  25 blink frogs
  A deep troll zombie (Vaults:2)
  33 slime creatures
  A shadow (D:10)
  5 wyverns
  A vampire (D:12)
  20 water elementals
  5 wraiths
  2 ynoxinuls
  2 air elementals
  5 humans (D:13)
  7 basilisks
  A yak (shapeshifter) (Elf:2)
  2 fire elementals
  19 yaks
  3 golden eyes (Slime:2)
  3 neqoxecs
  4 wargs
  12 vampire mosquitoes
  A steam dragon (Lair:3)
  Edmund (D:5)
  5 chaos spawn
  A harpy simulacrum (Abyss:2)
  A glowing shapeshifter skeleton (Depths:1)
  6 small abominations
  10 water moccasins
  19 nagas
  7 hell hounds
  12 orc warriors
  A black bear (D:4)
  A naga zombie (Snake:4)
  A sky beast (D:7)
  A human zombie (Vaults:2)
  8 laughing skulls
  4 boggarts (D:14)
  3 ogres
  4 wolves
  4 centaurs
  A kobold brigand (D:6)
  15 bullfrogs
  A weeping skull (Abyss:2)
  A gnoll sergeant (D:11)
  2 earth elementals (Elf:3)
  4 scorpions
  A human skeleton (Vaults:2)
  16 wights
  12 killer bees
  3 howler monkeys
  8 electric eels
  3 lava snakes (Lair:2)
  A centaur zombie (D:8)
  4 bombardier beetles
  8 jellies
  2 quasits
  16 orc priests
  3 iguanas
  24 starcursed masses
  2 sleepcaps
  2 hell rats (Lair:4)
  12 orc wizards
  A boggart zombie (D:15)
  An adder (D:6)
  3 gnolls
  3 white imps
  2 ufetubi
  2 orc zombies
  A spectral white imp (D:8)
  3 dart slugs
  A ribbon worm (D:4)
  51 orcs
  6 ball pythons
  6 bats
  7 endoplasms
  5 goblins
  7 hobgoblins
  5 jackals (D:1)
  6 quokkas
  3 frilled lizards
  10 kobolds
  7 rats
  11 starspawn tentacles
1685 creatures vanquished.

Vanquished Creatures (collateral kills)
  Frederick (Depths:3)
  A Killer Klown (Zot:5)
  2 golden dragons (Vaults:5)
  Vashnia (Snake:4)
  A bone dragon (Depths:4)
  A hellephant (Depths:3)
  5 tentacled monstrosities
  5 Orb Guardians (Zot:5)
  A quicksilver dragon (Depths:1)
  2 titans (Vaults:5)
  An acid blob (Slime:5)
  3 tentacled starspawn
  Polyphemus (Shoals:3)
  A kraken (Shoals:2)
  2 storm dragons
  A tengu reaver (Vaults:5)
  2 shadow dragons
  Ilsuiw (Shoals:3)
  Aizul (Shoals:4)
  A draconian shifter (Zot:5)
  A deep elf sorcerer (Elf:3)
  2 frost giants
  A fire giant (Depths:1)
  A deep elf elementalist (Abyss:2)
  7 vault wardens
  8 ironbound preservers
  A draconian annihilator (Abyss:3)
  5 stone giants
  An orc warlord (Vaults:2)
  3 quicksilver oozes
  2 very ugly things
  3 ironbound thunderhulks
  2 black draconians
  A vampire knight (Depths:1)
  5 dire elephants
  2 red draconians
  A deep elf annihilator (Vaults:5)
  A yellow draconian (Zot:3)
  2 green draconians
  2 deep elf death magi
  2 white draconians (Zot:2)
  A purple draconian (Zot:1)
  2 merfolk javelineers (Shoals:4)
  3 ettins
  Snorg (D:13)
  A yaktaur captain (Vaults:4)
  A fire dragon (Depths:3)
  6 merfolk impalers
  3 great orbs of eyes
  3 rakshasas
  An ogre mage (Vaults:5)
  11 vault guards
  A hell beast (Depths:1)
  3 ice dragons
  2 hydras
  3 merfolk aquamancers (Shoals:4)
  A merfolk avatar (Shoals:3)
  2 servants of whispers (Desolation)
  A catoblepas (Lair:1)
  4 dancing weapons
  A salamander tyrant (Snake:4)
  4 death yaks
  3 ironbound frosthearts
  5 anacondas
  A two-headed ogre (D:13)
  3 naga warriors (Snake:4)
  3 centaur warriors
  2 satyrs
  Urug (D:13)
  2 boulder beetles
  A thrashing horror (Abyss:2)
  A hell hog (Depths:3)
  5 orc high priests
  7 naga sharpshooters (Snake:4)
  A sixfirhy (Abyss:2)
  3 skysharks
  2 iron trolls
  A goliath frog (Lair:5)
  3 sea snakes
  3 skeletal warriors (D:15)
  A spriggan rider (Depths:3)
  2 mana vipers
  2 salamander mystics (Snake:4)
  4 lindwurms
  A spriggan simulacrum (Snake:4)
  2 naga ritualists
  An arcanist (Vaults:2)
  5 deep trolls
  7 ironbound convokers
  5 deep elf pyromancers
  3 necromancers
  3 deep elf archers
  5 orc knights
  10 harpies
  6 fauns
  2 deep elf zephyrmancers
  4 shining eyes
  5 orc sorcerers
  A wolf spider (Lair:2)
  12 ugly things
  2 salamanders
  4 cyclopes
  3 moths of wrath
  A moth of wrath (shapeshifter) (D:14)
  9 black mambas
  2 meliai
  3 elephants (Lair:4)
  4 guardian serpents
  5 merfolk sirens
  A centaur zombie (D:15)
  8 cane toads
  9 vault sentinels
  2 large abominations
  2 kobold blastminers (Orc:2)
  5 naga magi
  An eye of devastation (Slime:1)
  An unseen horror (D:15)
  A smoke demon (Abyss:2)
  A centaur skeleton (D:15)
  6 komodo dragons
  An efreet (D:15)
  3 anaconda simulacra (Snake:4)
  3 rime drakes (Lair:4)
  A freezing wraith (Vaults:5)
  14 yaktaurs
  A queen bee (D:15)
  An ancient zyme (Abyss:2)
  13 merfolk
  2 hornets (Lair:3)
  A harpy zombie (Abyss:2)
  7 saltlings (Desolation)
  A tarantella (Lair:2)
  A tyrant leech (Lair:5)
  A wind drake (Shoals:4)
  A raiju (Abyss:2)
  4 blink frogs
  A glass eye (Depths:1)
  7 dream sheep
  A jumping spider (shapeshifter) (Vaults:5)
  A slime creature (shapeshifter) (Vaults:5)
  27 slime creatures
  6 wyverns
  19 yaks
  2 basilisks
  11 humans (D:13)
  4 water elementals
  2 minotaur simulacra (Snake:4)
  5 wargs
  A vampire mosquito (D:14)
  11 nagas
  A harpy simulacrum (Snake:4)
  5 water moccasins
  A swamp drake (D:11)
  17 orc warriors
  A black bear (shapeshifter) (Vaults:5)
  3 ogres
  2 wolves (Lair:4)
  4 small abominations
  A centaur (D:7)
  6 starcursed masses (Abyss:3)
  A kobold brigand (D:7)
  2 weeping skulls (Abyss:2)
  4 bullfrogs
  A deep troll simulacrum (Snake:4)
  A gnoll sergeant (D:9)
  10 killer bees
  4 electric eels
  A quasit (Abyss:2)
  7 jellies (Lair:5)
  29 orc priests
  15 orc wizards
  3 hell rats (Lair:4)
  2 gnolls (D:11)
  2 ufetubi
  38 orcs
  An endoplasm (Lair:5)
  A goblin (D:7)
  2 kobolds
  An orc zombie (Orc:1)
  A spectral goblin (D:7)
  A butterfly (Lair:1)
  A lurking horror (Abyss:2)
  4 starspawn tentacles (Abyss:2)
666 creatures vanquished.

Vanquished Creatures (others)
  A spectral juggernaut (Slime:5)
  A spectral ogre (Vaults:3)
  A deep elf sorcerer (Elf:3)
  2 spectral tentacled monstrosities
  A spectral elf (Vaults:5)
  3 very ugly thing zombies
  A spectral human (Snake:1)
  A quicksilver dragon zombie (Zot:5)
  An acid blob zombie (Slime:5)
  A spectral dire elephant (Vaults:2)
  A salamander tyrant (Snake:3)
  An Orb Guardian zombie (Zot:5)
  A spectral Executioner (Abyss:2)
  A naga sharpshooter (Snake:4)
  A spectral sixfirhy (Abyss:2)
  A tengu warrior (Depths:2)
  A deep elf knight (Elf:2)
  A golden dragon zombie (Vaults:5)
  A deep elf archer (Elf:3)
  A hell hog zombie (Depths:3)
  2 ugly thing zombies
  A spectral blizzard demon (Abyss:2)
  4 tengu zombies
  3 stone giant zombies
  2 draconian zombies
  A faun (Shoals:3)
  2 dire elephant zombies
  A spectral rakshasa (Depths:1)
  12 human zombies
  2 salamander zombies
  A white draconian zombie (Zot:2)
  A purple draconian zombie (Zot:3)
  A red draconian zombie (Zot:5)
  A great orb of eyes zombie (Vaults:3)
  A death drake zombie (Depths:1)
  3 harpy zombies (Shoals:4)
  A spectral naga (Snake:3)
  A tarantella zombie (Lair:2)
  A moth of wrath zombie (Zot:1)
  An ettin zombie (Depths:1)
  2 meliai zombies
  An ice dragon zombie (Depths:1)
  3 wind drake zombies
  4 black mamba zombies
  A water elemental (Shoals:4)
  A spriggan zombie (Depths:3)
  2 slime creature zombies
  A golden eye (D:11)
  7 deep troll zombies
  A spectral tormentor (Abyss:3)
  A skyshark zombie (Lair:4)
  An entropy weaver zombie (Vaults:5)
  10 merfolk zombies
  2 water nymph zombies
  A cane toad zombie (Lair:3)
  A faun zombie (Shoals:3)
  A spectral smoke demon (Abyss:2)
  A hornet zombie (Lair:3)
  19 elf zombies
  2 elephant zombies (Lair:4)
  2 manticore zombies
  6 blink frog zombies
  A dream sheep zombie (Lair:3)
  2 lindwurm zombies
  A spectral chaos spawn (Abyss:2)
  A spectral neqoxec (Abyss:2)
  2 spectral ynoxinuls
  10 yaktaur zombies
  2 komodo dragon zombies
  2 wyvern zombies
  4 hell hound zombies (Abyss:2)
  4 water moccasin zombies
  A raiju zombie (Abyss:2)
  8 naga zombies
  8 yak zombies
  7 centaur zombies
  A wolf zombie (Lair:4)
  3 bullfrog zombies
  A black bear zombie (Vaults:5)
  An orc wizard (D:8)
  6 killer bee zombies
  4 ogre zombies
  A spectral quasit (Abyss:2)
  2 hell rat zombies (Lair:4)
  A swamp drake zombie (D:11)
  An iguana zombie (D:7)
  3 jelly zombies (Lair:5)
  A spectral white imp (Abyss:2)
  An endoplasm zombie (Lair:5)
  4 gnoll zombies (D:11)
  3 kobold zombies (D:7)
  37 orc zombies
  A spectral ufetubus (Abyss:3)
  2 foxfires (Abyss:2)
  25 starspawn tentacles
  4 tentacles (Shoals:2)
290 creatures vanquished.

Grand Total: 2641 creatures vanquished

Notes
Turn   | Place    | Note
-------+----------+-------------------------------------------
     0 | D:1      | Sergey the Troll Brigand began the quest for the Orb.
     0 | D:1      | Reached XP level 1. HP: 19/19 MP: 0/0
    61 | D:1      | Reached skill level 1 in Unarmed Combat
   114 | D:1      | Found a large runed translucent door.
   114 | D:1      | Found a large runed translucent door.
   150 | D:1      | Reached XP level 2. HP: 27/27 MP: 1/1
   305 | D:1      | Reached skill level 2 in Unarmed Combat
   318 | D:1      | Found a faded altar of an unknown god.
   916 | D:2      | Reached XP level 3. HP: 33/33 MP: 2/2
  1094 | D:2      | Found a runed translucent door.
  1095 | D:2      | Noticed Crazy Yiuf
  1491 | D:2      | Reached skill level 3 in Unarmed Combat
  1809 | D:3      | Reached XP level 4. HP: 40/42 MP: 3/3
  1865 | D:3      | Reached skill level 4 in Unarmed Combat
  2025 | D:3      | Found a radiant altar of Vehumet.
  2402 | D:3      | Reached XP level 5. HP: 49/49 MP: 4/4
  2717 | D:4      | Found a snail-covered altar of Cheibriados.
  2740 | D:3      | Reached skill level 5 in Unarmed Combat
  2800 | D:4      | Found a stormy altar of Qazlal.
  2966 | D:4      | Reached XP level 6. HP: 59/59 MP: 5/5
  3036 | D:4      | Found a white marble altar of Elyvilon.
  3155 | D:4      | Identified the +6 dagger of Accidental Termination {speed,
                  | rPois Will+}
  3291 | D:5      | Entered Level 5 of the Dungeon
  3545 | D:5      | Noticed Edmund
  3572 | D:5      | Found a glowing silver altar of Zin.
  3670 | D:4      | Reached skill level 6 in Unarmed Combat
  3777 | D:5      | Reached XP level 7. HP: 65/67 MP: 6/6
  4582 | D:6      | Noticed Prince Ribbit
  4599 | D:6      | Reached skill level 7 in Unarmed Combat
  4631 | D:6      | Killed Prince Ribbit
  4684 | D:6      | Found a basalt altar of Yredelemnul.
  4688 | D:6      | Became a worshipper of Yredelemnul the Dark
  4803 | D:6      | Found a shimmering blue altar of Sif Muna.
  4834 | D:6      | Reached skill level 8 in Unarmed Combat
  4834 | D:6      | Reached XP level 8. HP: 78/78 MP: 7/7
  5185 | D:6      | Found a staircase to the Ecumenical Temple.
  5273 | D:6      | Noticed a troll
  5842 | D:6      | Reached skill level 5 in Fighting
  6123 | D:7      | Noticed Jeremiah
  6199 | D:6      | Reached skill level 9 in Unarmed Combat
  6363 | D:7      | Found an iron altar of Okawaru.
  6381 | D:7      | Found a sparkling altar of Nemelex Xobeh.
  6423 | D:7      | Reached * piety under Yredelemnul
  6424 | D:7      | Reached skill level 1 in Evocations
  6479 | D:7      | Reached XP level 9. HP: 89/89 MP: 8/8
  6540 | D:7      | Found a glowing golden altar of the Shining One.
  7073 | D:7      | Found a hazy altar of Hepliaklqana.
  7146 | D:8      | Noticed a cyclops
  7146 | D:8      | Noticed a tengu warrior
  7147 | D:8      | Noticed a centaur warrior
  7147 | D:8      | Noticed a centaur warrior
  7147 | D:8      | Noticed an arcanist
  7147 | D:8      | Noticed an efreet
  7147 | D:8      | Noticed a gargoyle
  7161 | D:8      | Noticed a red ugly thing
  7161 | D:8      | Noticed an efreet
  7398 | D:8      | Identified the +6 mace "Ogre's Peril" {freeze, rElec Will++
                  | Str-2 Dex+3}
  7417 | D:8      | Reached skill level 10 in Unarmed Combat
  7452 | D:8      | Found a blossoming altar of Fedhas.
  7475 | D:8      | Noticed an oklob plant
  7534 | D:8      | Noticed Psyche
  7553 | D:8      | Killed Psyche
  7686 | D:8      | Reached skill level 1 in Invocations
  7836 | D:8      | Reached ** piety under Yredelemnul
  8132 | D:8      | Reached *** piety under Yredelemnul
  8377 | D:9      | Found a large runed translucent door.
  8377 | D:9      | Found a large runed translucent door.
  8402 | D:9      | Noticed a tengu conjurer
  8402 | D:9      | Noticed a green ugly thing
  8408 | D:9      | Found a large runed translucent door.
  8408 | D:9      | Found a large runed translucent door.
  8523 | D:9      | Identified the +3 falchion of the Vase {holy, Str-5 Int+3
                  | Stlth+}
  8534 | D:9      | Found Ushramoi's Weapon Emporium.
  8545 | D:9      | Reached XP level 10. HP: 84/98 MP: 12/12
  8798 | D:10     | Entered Level 10 of the Dungeon
  9012 | D:10     | Found a burning altar of Makhleb.
  9137 | D:10     | Reached skill level 11 in Unarmed Combat
  9249 | D:10     | Found Mifeunee's Jewellery Boutique.
  9252 | D:10     | Bought an amulet of regeneration for 480 gold pieces
  9321 | D:10     | Reached skill level 12 in Unarmed Combat
  9700 | D:10     | Reached XP level 11. HP: 101/111 MP: 13/13
  9766 | D:11     | Noticed a white ugly thing
  9791 | D:11     | Found a staircase to the Orcish Mines.
  9794 | D:11     | Found a runed translucent door.
  9847 | D:11     | Found Jazapp Bynu's General Store.
  9849 | D:11     | Found a runed translucent door.
 10073 | D:11     | Bought a scroll of noise for 15 gold pieces
 10073 | D:11     | Bought a scroll of identify for 30 gold pieces
 10158 | D:11     | Found Nuipn's Weapon Shoppe.
 10303 | D:11     | Found a runed translucent door.
 10322 | D:11     | Found a runed translucent door.
 10488 | D:11     | Reached skill level 5 in Invocations
 10932 | D:11     | Found a staircase to the Lair.
 11073 | D:11     | Noticed an orange crystal statue
 11461 | D:5      | Killed Edmund
 11507 | D:6      | Found a shimmering blue altar of Sif Muna.
 11667 | D:6      | Found a staircase to the Ecumenical Temple.
 11991 | D:6      | Found a basalt altar of Yredelemnul.
 12346 | Lair:1   | Entered Level 1 of the Lair of Beasts
 12346 | Lair:1   | Noticed a catoblepas
 12887 | Lair:1   | Killed a catoblepas
 12888 | Lair:1   | Reached skill level 10 in Fighting
 13405 | Lair:2   | Reached XP level 12. HP: 126/126 MP: 17/17
 13461 | Lair:2   | Found a snail-covered altar of Cheibriados.
 13658 | Lair:2   | Found a staircase to the Snake Pit.
 13749 | Lair:2   | Reached **** piety under Yredelemnul
 13834 | Lair:2   | Noticed a death yak
 13842 | Lair:2   | Noticed a death yak
 13844 | Lair:2   | Noticed a death yak
 13845 | Lair:2   | Killed a death yak
 13850 | Lair:2   | Killed a death yak
 13852 | Lair:2   | Killed a death yak
 13853 | Lair:2   | Reached skill level 13 in Unarmed Combat
 14191 | Lair:2   | Found a runed translucent door.
 14241 | Lair:2   | Found a runed translucent gate.
 14241 | Lair:2   | Found a runed translucent gate.
 14241 | Lair:2   | Found a runed translucent gate.
 14241 | Lair:2   | Found a runed translucent gate.
 14241 | Lair:2   | Found a runed translucent gate.
 14241 | Lair:2   | Found a runed translucent gate.
 14241 | Lair:2   | Noticed a boulder beetle
 14627 | Lair:3   | Reached ***** piety under Yredelemnul
 14653 | Lair:3   | Reached skill level 14 in Unarmed Combat
 14840 | Lair:3   | Noticed an eight-headed hydra
 14856 | Lair:3   | Killed an eight-headed hydra
 14857 | Lair:3   | Reached XP level 13. HP: 139/139 MP: 15/18
 15350 | Lair:3   | Found a staircase to the Shoals.
 15665 | Lair:3   | Found a staircase to the Shoals.
 16500 | Lair:4   | Reached skill level 15 in Unarmed Combat
 16536 | Lair:4   | Reached skill level 1 in Dodging
 17763 | Lair:5   | Entered Level 5 of the Lair of Beasts
 17958 | Lair:5   | Noticed Sonja
 17961 | Lair:5   | Killed Sonja
 18372 | Lair:5   | Reached skill level 5 in Dodging
 18495 | Lair:5   | Reached XP level 14. HP: 149/149 MP: 20/20
 18504 | Lair:5   | Reached skill level 10 in Invocations
 18586 | Lair:5   | Reached ****** piety under Yredelemnul
 18735 | Lair:5   | Found a staircase to the Slime Pits.
 18887 | Lair:5   | Reached skill level 5 in Evocations
 20470 | D:13     | Noticed Frances
 20470 | D:13     | Found a gate to the Vaults.
 20763 | D:13     | Noticed Urug
 20775 | D:13     | Killed Urug
 20950 | D:13     | Noticed Nessos
 20954 | D:13     | Killed Nessos
 21044 | D:13     | Reached skill level 5 in Throwing
 21154 | D:13     | Noticed Snorg
 21161 | D:13     | Killed Snorg
 21195 | D:13     | Killed Frances
 21195 | D:13     | Charmed Frances
 22067 | D:14     | Identified the amulet of the Dropbear {Acrobat rF+ Str+7
                  | Dex-2 Slay-5}
 22247 | D:14     | Found a runed translucent door.
 22249 | D:14     | Noticed a stone giant
 22249 | D:14     | Noticed a fire giant
 23054 | D:9      | Got the Compilation of Red Fulmination
 23384 | Orc:1    | Entered Level 1 of the Orcish Mines
 23408 | Orc:1    | Reached XP level 15. HP: 128/156 MP: 16/21
 23866 | Orc:2    | Entered Level 2 of the Orcish Mines
 23891 | Orc:2    | Found a staircase to the Elven Halls.
 24124 | Orc:2    | Found Unogekil's Distillery.
 24125 | Orc:2    | Found Mucves's Distillery.
 24126 | Orc:2    | Found Pelot's Assorted Antiques.
 24130 | Orc:2    | Found Vescho's Jewellery Shoppe.
 24198 | Orc:2    | Bought the amulet "Veisis" {Reflect ^Drain Will+ Regen+
                  | Str+3 SH+5} for 692 gold pieces
 24198 | Orc:2    | Bought the ring of Xaufuger {rElec rN+ MP+9 Dex+3} for 712
                  | gold pieces
 24699 | Orc:2    | Noticed MrCrawl's ghost (adept DrFE)
 24756 | Orc:2    | Found a runed translucent gate.
 24756 | Orc:2    | Found a runed translucent gate.
 24757 | Orc:2    | Found a runed translucent gate.
 25084 | D:15     | Entered Level 15 of the Dungeon
 25351 | D:15     | Found a gate leading to a gauntlet.
 25527 | D:15     | Noticed Louise
 25542 | D:15     | Killed Louise
 25543 | D:15     | Reached skill level 16 in Unarmed Combat
 25622 | Gauntlet | Entered a Gauntlet
 25622 | Gauntlet | Found a transporter.
 25622 | Gauntlet | Found a transporter.
 25653 | Gauntlet | Found a transporter.
 25671 | Gauntlet | Found a transporter.
 25671 | Gauntlet | Found a transporter.
 25671 | Gauntlet | Found a transporter.
 25673 | Gauntlet | Found a transporter.
 25673 | Gauntlet | Found a transporter.
 25685 | Gauntlet | Found a transporter.
 25701 | Gauntlet | Found a transporter.
 25711 | Gauntlet | Found a transporter.
 25728 | Gauntlet | Found a transporter.
 25745 | Gauntlet | Found a transporter.
 25757 | Gauntlet | Found a transporter.
 25990 | Gauntlet | Identified the ring of Asceticism {rElec rPois Int-4 Dex+6
                  | Slay+6}
 26036 | Gauntlet | Identified the amulet of the Queen {Spirit Harm Str+3}
 26323 | Gauntlet | Found the +10 tower shield of Ignorance {rN+ Int-4}
 26559 | D:15     | Identified the +1 robe of Galy {rPois Slay+2}
 26698 | D:15     | Found Edikhar's One-of-a-Kind Rings.
 26782 | D:15     | Found a staircase to the Depths.
 27239 | Snake:1  | Entered Level 1 of the Snake Pit
 27286 | Snake:1  | Your ally Frances died
 27288 | Snake:1  | Reached skill level 1 in Shapeshifting
 27692 | Snake:1  | Found Cenapat's Magic Scroll Emporium.
 27694 | Snake:1  | Found Kain's General Store.
 27697 | Snake:1  | Found Vehyu's Armour Emporium.
 28833 | Snake:2  | Reached XP level 16. HP: 168/169 MP: 24/24
 28839 | Snake:2  | Reached skill level 5 in Shapeshifting
 28899 | Snake:2  | Identified the +8 great sword of the Hurling Asp {flame,
                  | rC++ Dex-4}
 30426 | Snake:3  | Found Weipar's Armour Emporium.
 30447 | Snake:3  | Found Niutoic's General Store.
 30447 | Snake:3  | Found Gixeuqya's Jewellery Shoppe.
 30460 | Snake:3  | Found Holut's Weapon Shoppe.
 30821 | Snake:4  | Entered Level 4 of the Snake Pit
 31196 | Snake:4  | Reached skill level 10 in Shapeshifting
 31285 | Snake:4  | Found a glacial archway.
 31301 | IceCv    | Entered an ice cave
 31852 | Snake:4  | Reached XP level 17. HP: 157/176 MP: 25/25
 32064 | Snake:4  | Noticed Vashnia
 32078 | Snake:4  | Killed Vashnia
 32183 | Snake:4  | Got a serpentine rune of Zot
 32604 | Shoals:1 | Entered Level 1 of the Shoals
 32915 | Snake:1  | Bought a scroll of acquirement for 780 gold pieces
 32915 | Snake:1  | Acquired 1107 gold pieces
 32917 | Snake:1  | Bought a scroll of acquirement for 780 gold pieces
 32917 | Snake:1  | Acquired 752 gold pieces
 33184 | D:15     | Bought a ring "Syiqar" {rF+ rN+ Will+} for 435 gold pieces
 33565 | Shoals:1 | Found Lutoh's Weapon Shoppe.
 33570 | Shoals:1 | Found Ujaejini's Jewellery Boutique.
 33618 | Shoals:1 | Found a runed translucent door.
 33618 | Shoals:1 | Found a shimmering altar of Xom.
 33618 | Shoals:1 | Noticed Teryn's ghost (journeyman DsAK)
 33687 | Shoals:1 | Found Fybbavis's Weapon Emporium.
 34370 | Shoals:2 | Noticed a kraken
 34379 | Shoals:2 | Killed a kraken
 34504 | Shoals:3 | Noticed Polyphemus
 34509 | Shoals:3 | Reached skill level 15 in Shapeshifting
 34529 | Shoals:3 | Killed Polyphemus
 34572 | Shoals:3 | Noticed Ilsuiw
 34599 | Shoals:3 | Noticed Donald
 34607 | Shoals:3 | Killed Ilsuiw
 34616 | Shoals:3 | Killed Donald
 34625 | Shoals:3 | Noticed Mlioglotl
 34625 | Shoals:3 | Your ally Donald died
 34957 | Elf:1    | Entered Level 1 of the Elven Halls
 34976 | Orc:2    | Bought a potion of curing for 96 gold pieces
 34976 | Orc:2    | Bought 2 potions of haste for 640 gold pieces
 34978 | Orc:2    | Bought 2 potions of heal wounds for 140 gold pieces
 35007 | Orc:2    | Reached skill level 1 in Shields
 35246 | Elf:1    | Found a huge runed translucent gate.
 35247 | Elf:1    | Found a huge runed translucent gate.
 35248 | Elf:1    | Found a huge runed translucent gate.
 35248 | Elf:1    | Found a huge runed translucent gate.
 35269 | Elf:1    | Reached XP level 18. HP: 185/185 MP: 22/26
 35446 | Elf:1    | Found a huge runed translucent gate.
 35447 | Elf:1    | Found a huge runed translucent gate.
 35447 | Elf:1    | Found a huge runed translucent gate.
 35447 | Elf:1    | Found a huge runed translucent gate.
 35447 | Elf:1    | Found a huge runed translucent gate.
 35448 | Elf:1    | Found a huge runed translucent gate.
 35448 | Elf:1    | Found a huge runed translucent gate.
 35448 | Elf:1    | Found a huge runed translucent gate.
 35448 | Elf:1    | Found a huge runed translucent gate.
 35448 | Elf:1    | Found a huge runed translucent gate.
 35448 | Elf:1    | Found a huge runed translucent gate.
 35448 | Elf:1    | Found a huge runed translucent gate.
 35448 | Elf:1    | Found a huge runed translucent gate.
 35449 | Elf:1    | Found a huge runed translucent gate.
 35449 | Elf:1    | Found a huge runed translucent gate.
 35449 | Elf:1    | Found a huge runed translucent gate.
 35459 | Elf:1    | Paralysed by an air elemental for 1 turns
 35469 | Elf:1    | Paralysed by an air elemental for 1 turns
 35485 | Elf:1    | Reached skill level 5 in Shields
 35931 | Vaults:1 | Entered Level 1 of the Vaults
 36149 | Vaults:1 | Found a magical portal.
 36149 | Vaults:1 | Noticed Saint Roka
 36336 | WizLab   | Entered Zonguldrok's Shrine
 36530 | D:13     | Killed Saint Roka
 37068 | Vaults:1 | Found Qangiargh's Weapon Boutique.
 37338 | Vaults:1 | Reached skill level 10 in Shields
 37862 | Vaults:2 | Reached XP level 19. HP: 193/193 MP: 27/27
 38116 | Vaults:2 | Found Kokixt's Antique Armour Shoppe.
 38472 | Vaults:2 | Noticed Mennas
 38484 | Vaults:2 | Killed Mennas
 38632 | Vaults:2 | Found a staircase to the Crypt.
 38638 | Vaults:2 | Reached skill level 10 in Dodging
 39035 | Vaults:3 | Learned a level 2 spell: Blink
 39220 | Vaults:3 | Reached skill level 1 in Translocations
 39233 | Vaults:3 | Reached skill level 1 in Spellcasting
 39498 | Vaults:3 | Reached skill level 17 in Unarmed Combat
 40032 | Vaults:4 | Reached XP level 20. HP: 205/205 MP: 28/28
 41528 | Shoals:3 | Killed Mlioglotl
 41872 | Shoals:4 | Entered Level 4 of the Shoals
 42025 | Shoals:4 | Identified the serpent talisman of Ovvyryah {+Blink rN+++
                  | Will- Dex+4}
 42025 | Shoals:4 | Noticed Aizul
 42031 | Shoals:4 | Killed Aizul
 42447 | Shoals:4 | Identified the +10 mace "Demonslayer" {elec, MP+9}
 42561 | Shoals:4 | Got a barnacled rune of Zot
 43242 | Elf:2    | Found a runed translucent gate.
 43242 | Elf:2    | Found a runed translucent gate.
 43243 | Elf:2    | Found a runed translucent gate.
 43355 | Elf:2    | Found a crumbling gateway.
 43369 | Desolati | Entered the Desolation of Salt
 43638 | Desolati | Reached XP level 21. HP: 215/215 MP: 30/30
 43684 | Desolati | Reached skill level 5 in Translocations
 43745 | Desolati | Reached skill level 18 in Unarmed Combat
 43768 | Desolati | Identified the ring "Fipar" {Ice Fly rPois rN++ Int+5}
 43857 | Desolati | Identified the ring "Bigaalun" {rC+ Slay+3}
 43914 | Desolati | Identified the +2 leather armour of the Moon Troll {Harm
                  | Will- Int+5 SInv}
 43988 | Desolati | Got the Monograph on the Zephyr
 44275 | Elf:2    | Reached skill level 15 in Fighting
 44553 | Elf:2    | Found Buxetez's General Store.
 44561 | Elf:2    | Bought a potion of curing for 48 gold pieces
 44677 | Elf:3    | Entered Level 3 of the Elven Halls
 44751 | Elf:3    | Found Uge Xigu's Weapon Shoppe.
 44791 | Elf:3    | Paralysed by an air elemental for 1 turns
 45051 | Elf:3    | Reached skill level 15 in Invocations
 45607 | Elf:3    | Identified the amulet "Amijaiv" {Faith Will+ Stlth+}
 46185 | Elf:3    | Identified the +5 ring mail of Ashenzari's Hatred {Regen+
                  | Str+3 Dex+3}
 46196 | Elf:3    | Identified the ring "Wudduw Deco" {rF+ rCorr Str-3 Dex+3}
 47223 | Elf:3    | Got the Guidebook on Calefaction
 47228 | Elf:3    | Got the Compilation of the Catacomb and Formulae
 47230 | Elf:3    | Got the Monograph on the Vector
 47251 | Elf:3    | Identified the +1 longbow of Xotorchui {flame, Dex+6}
 47449 | Orc:2    | Bought a potion of curing for 42 gold pieces
 47449 | Orc:2    | Bought a potion of invisibility for 112 gold pieces
 47449 | Orc:2    | Bought 2 potions of haste for 280 gold pieces
 47449 | Orc:2    | Bought a potion of cancellation for 112 gold pieces
 47683 | Snake:1  | Bought the ring "Jieg Xes" {rCorr EV+5} for 680 gold pieces
 47683 | Snake:1  | Bought a potion of haste for 140 gold pieces
 47683 | Snake:1  | Bought a scroll of revelation for 105 gold pieces
 48076 | Vaults:5 | Entered Level 5 of the Vaults
 48077 | Vaults:5 | Noticed a golden dragon
 48149 | Vaults:5 | Noticed a golden dragon
 48167 | Vaults:5 | Killed a golden dragon
 48174 | Vaults:5 | Reached skill level 19 in Unarmed Combat
 48254 | Vaults:5 | Reached XP level 22. HP: 227/227 MP: 30/33
 48281 | Vaults:5 | Killed a golden dragon
 48282 | Vaults:5 | Identified the ring "Turobiot" {Ice Int+6 Slay+2}
 48323 | Vaults:5 | Noticed a dread lich
 48324 | Vaults:5 | Found the +6 Majin-Bo {spellvamp, MP+6 Int+6}
 48327 | Vaults:5 | Killed a dread lich
 48328 | Vaults:5 | Reached skill level 20 in Unarmed Combat
 48369 | Vaults:5 | Noticed a golden dragon
 48384 | Vaults:5 | Killed a golden dragon
 48524 | Vaults:5 | Identified the ring "Oddimoph" {rPois rF+}
 48589 | Vaults:5 | Identified the amulet "Zeuq" {Faith rF- Will+ Stlth+}
 48589 | Vaults:5 | Noticed an ancient lich
 48604 | Vaults:5 | Killed an ancient lich
 48623 | Vaults:5 | Got a silver rune of Zot
 48795 | Vaults:5 | Identified the +5 triple sword "Duezxumo" {speed, Str-3
                  | Dex+5}
 49054 | Vaults:5 | Noticed a dread lich
 49056 | Vaults:5 | Killed a dread lich
 49135 | Vaults:5 | Noticed Sojobo
 49147 | Vaults:5 | Paralysed by an air elemental for 1 turns
 49150 | Vaults:5 | Killed Sojobo
 49709 | Depths:1 | Entered Level 1 of the Depths
 49709 | Depths:1 | Noticed Boris
 49715 | D:15     | Killed Boris
 49809 | Depths:1 | Reached XP level 23. HP: 235/235 MP: 34/34
 49841 | Depths:1 | Reached skill level 21 in Unarmed Combat
 49857 | Depths:1 | Found a one-way gate leading to the halls of Pandemonium.
 50010 | Depths:1 | You fall into a shaft and drop 1 floor!
 50122 | Depths:1 | Noticed Nikola
 50129 | Depths:1 | Killed Nikola
 50425 | Depths:1 | Noticed a juggernaut
 50431 | Depths:1 | Killed a juggernaut
 50431 | Depths:1 | Charmed a juggernaut
 50485 | Depths:1 | Found the +2 hat of the Bear Spirit {Spirit, Bear, *Rage
                  | Will++}
 50613 | Depths:1 | Identified the +2 plate armour "Jerih" {Str+3 Int+3 Dex+3}
 50969 | Slime:1  | Entered Level 1 of the Pits of Slime
 50985 | Slime:1  | Gained mutation: You occasionally lose the ability to drink
                  | potions when taking damage. [a shining eye]
 50986 | Slime:1  | Gained mutation: You are vulnerable to cold. (rC-) [a
                  | shining eye]
 50989 | Slime:1  | Lost mutation: You are vulnerable to cold. (rC-) [potion of
                  | mutation]
 50989 | Slime:1  | Lost mutation: You occasionally lose the ability to drink
                  | potions when taking damage. [potion of mutation]
 50989 | Slime:1  | Gained mutation: You passively map a small area around you.
                  | [potion of mutation]
 50989 | Slime:1  | Gained mutation: You have sharp toenails. [potion of
                  | mutation]
 51137 | Slime:2  | Reached skill level 22 in Unarmed Combat
 51382 | Slime:5  | Entered Level 5 of the Pits of Slime
 51455 | Slime:5  | Noticed the Royal Jelly
 51461 | Slime:5  | Killed the Royal Jelly
 51534 | Slime:5  | Found the +3 pair of gauntlets of War {Slay+5}
 51539 | Slime:5  | Identified the +7 trident of the Everdark {spect, rElec
                  | Str+2 Int+6}
 51554 | Slime:5  | Identified a ring "Naul" {rPois rN+ Str+6}
 51583 | Slime:5  | Identified the +8 great sword of Bankruptcy {venom, +Blink
                  | rF- rC+}
 51639 | Slime:5  | Got a slimy rune of Zot
 52118 | Depths:2 | Reached skill level 23 in Unarmed Combat
 52275 | Depths:3 | Noticed Boris
 52321 | Depths:2 | Killed Boris
 52359 | Depths:3 | Identified the orb of the Valley of Death {*channel, rCorr
                  | SInv}
 52359 | Depths:3 | Noticed Frederick
 52406 | Depths:3 | Reached XP level 24. HP: 245/245 MP: 35/35
 52414 | Depths:3 | Killed Frederick
 52510 | Depths:3 | Found a one-way gate to the infinite horrors of the Abyss.
 52520 | Depths:3 | Voluntarily entered the Abyss.
 52602 | Abyss:2  | Found a corrupted altar of Lugonu.
 52607 | Abyss:2  | Found a corrupted altar of Lugonu.
 52607 | Abyss:2  | Found a corrupted altar of Lugonu.
 52859 | Depths:3 | Escaped the Abyss
 52861 | Depths:3 | Voluntarily entered the Abyss.
 53287 | Abyss:3  | Found a corrupted altar of Lugonu.
 53461 | Abyss:3  | Got an abyssal rune of Zot
 53513 | Depths:3 | Escaped the Abyss
 53517 | Depths:3 | Noticed Margery
 53535 | Depths:3 | Reached skill level 24 in Unarmed Combat
 53556 | Depths:3 | Killed Margery
 53642 | Depths:4 | Entered Level 4 of the Depths
 53778 | Depths:4 | Found a gate to the Realm of Zot.
 53807 | Depths:4 | Got a midnight gem with 611 turns to spare
 53809 | Zot:1    | Entered Level 1 of the Realm of Zot
 53981 | Zot:1    | Reached XP level 25. HP: 260/260 MP: 35/35
 54562 | Zot:4    | Noticed an orb of fire
 54569 | Zot:4    | Gained mutation: You occasionally shout uncontrollably at
                  | your foes. [an orb of fire]
 54571 | Zot:4    | Killed an orb of fire
 54685 | Zot:5    | Entered Level 5 of the Realm of Zot
 55471 | Depths:3 | Noticed Xtahua
 55483 | Depths:3 | Killed Xtahua
 55806 | Zot:5    | Noticed an orb of fire
 55819 | Zot:5    | Gained mutation: You have a pair of small antennae on your
                  | head. [an orb of fire]
 55821 | Zot:5    | Killed an orb of fire
 55821 | Zot:5    | Noticed an orb of fire
 55824 | Zot:5    | Killed an orb of fire
 55828 | Zot:5    | Noticed a Killer Klown
 55828 | Zot:5    | Noticed a Killer Klown
 55828 | Zot:5    | Noticed a Killer Klown
 55828 | Zot:5    | Noticed a Killer Klown
 55828 | Zot:5    | Noticed a Killer Klown
 55828 | Zot:5    | Noticed a Killer Klown
 55829 | Zot:5    | Noticed a Killer Klown
 55842 | Zot:5    | Killed a Killer Klown
 55845 | Zot:5    | Killed a Killer Klown
 55856 | Zot:5    | Noticed an ancient lich
 55859 | Zot:5    | Killed an ancient lich
 55863 | Zot:5    | Killed a Killer Klown
 55866 | Zot:5    | Killed a Killer Klown
 55868 | Zot:5    | Killed a Killer Klown
 55871 | Zot:5    | Noticed a dread lich
 55871 | Zot:5    | Noticed a dread lich
 55880 | Zot:5    | Killed a Killer Klown
 55881 | Zot:5    | Reached XP level 26. HP: 279/279 MP: 24/35
 55891 | Zot:5    | Killed a dread lich
 55897 | Zot:5    | Killed a dread lich
 55916 | Zot:5    | Noticed an ancient lich
 55917 | Zot:5    | Killed an ancient lich
 56070 | Zot:5    | Got the Orb of Zot
 56287 | D:15     | Noticed Ojecrud the pandemonium lord
 56551 | D:4      | Noticed Aptejai the pandemonium lord
 56585 | D:3      | Noticed Boris
 56666 | D:$      | Escaped with the Orb!

Illustrated notes

Levels and vault maps discovered:
D:1:      erik_arrival_cave_to_civilisation [erik_arrival_cave_to_temple],
          layout_basic, shapermc_ecumenical_altar_ellora, minmay_misc_feat_rows,
          corexii_leaking_fountain
D:2:      layout_basic, uniq_crazy_yiuf_cottage
D:3:      layout_basic, vehumet_crystals, minmay_misc_feat_hallway,
          reono_crystal_passage, minmay_three_crescents
D:4:      layout_rooms, elyvilon_altar_3, overflow_temple_1_default,
          cheibriados_altar_1, minmay_distorted
D:5:      layout_basic, old_standard_altar, kennysheep_another_room,
          minmay_misc_feat_chi, dreamdust_mushroom_princess,
          minmay_misc_feat_tower, uniq_edmund
D:6:      layout_basic, mainiacjoe_overflow_six_doors_small,
          mainiacjoe_overflow_brackets, temple_green, uniq_prince_ribbit1
D:7:      layout_cave_pools, nemelex_xobeh_ov_fountains_minmay,
          nicolae_hepliaklqana_monster_ancestors, okawaru_metal_pillars_3,
          nicolae_tso_carved_into_rock, serial_bayou_lake_a, uniq_jeremiah
D:8:      layout_loops_ring, tgw_fedhas, minivault_12, uniq_psyche
D:9:      layout_roguey, serial_shops, kennysheep_little_box,
          minmay_hollow_rounded_squares
D:10:     layout_grid_maze, mainiacjoe_overflow_concentric_impassable,
          serial_shops, nicolae_shop_behind_doors
D:11:     layout_stronghold, erik_lair_dragon, serial_shops, shop_statue,
          nicolae_shop_bloodbath_and_beyond, minmay_statue_crystal_thing
D:12:     layout_loops_corners
D:13:     layout_grid_maze, david_vaults_3, uniq_urug, uniq_frances, uniq_snorg,
          uniq_nessos
D:14:     minmay_gate_of_8, layout_loops_ring, serial_bayou,
          serial_bayou_shore_a, serial_bayou_pond_c, serial_bayou_pond_c,
          serial_bayou_pond_c
D:15:     grunt_enter_depths_magical_seal, layout_cave_pools,
          gauntlet_entry_generic, minmay_misc_feat_four_crosses,
          nicolae_shop_unique_rings, chequers_decorated_corner,
          nicolae_looking_at_the_future, uniq_louise
Lair:1:   layout_regular_city, minmay_holes, nicolae_lair_grazing_beasts
          [nicolae_sub_lair_graze_edge, nicolae_sub_lair_graze_edge,
          nicolae_sub_lair_graze_edge, nicolae_sub_lair_graze_edge],
          infiniplex_staircase_pool_2, serial_bayou_shore_b,
          lemuel_fruit_fields, lemuel_fruit_tree
Lair:2:   gammafunk_indiana_jones, layout_regular_city,
          nicolae_snake_entry_warm_welcome, kennysheep_snail_temple
Lair:3:   cheibrodos_lair_overgrown_chateau, layout_regular_city,
          shoals_dummy_entry, grunt_forest_small_clearing_treed
Lair:4:   layout_cave_pods, special_room [special_room_mythical_zoo],
          grunt_megastairs_2
Lair:5:   minmay_lair_end_frog_pond, layout_regular_city,
          minmay_slime_entry_jelly_boxes, fungi_pond_lemuel, fungi_pond_lemuel,
          chequers_serial_rivers_small_b, uniq_sonja
Shoals:1: layout_shoals, ebering_ghost_xom, serial_shops, shop, shop,
          shop_fountains
Shoals:2: dreamdust_from_the_deep, layout_shoals, nicolae_shoals_this_corrosion
Shoals:3: layout_shoals, nicolae_shoals_water_shrine, uniq_polyphemus,
          uniq_mlioglotl, uniq_donald, uniq_ilsuiw
Shoals:4: shoals_end_grunt_ice, layout_shoals, uniq_aizul
Snake:1:  layout_cave_pods, st_stairs_5, serial_bayou_ford_a,
          grunt_ministairs_13, minmay_shop_star, nicolae_triple_integral
Snake:2:  layout_chambers, hangedman_snake_pattern
Snake:3:  layout_basic, serial_library_hellmonk_hallway_a, minmay_shoptagon,
          grunt_megastairs_3
Snake:4:  johnstein_snake_rune_scales, layout_onion_interference,
          portal_ice_cave_entry_ice_simulacra
Slime:1:  layout_caves, nicolae_slime_phagocytosis
Slime:2:  cheibrodos_slime_lost_civilization_9, layout_caves
Slime:3:  nicolae_slime_spelunking
Slime:4:  layout_caves
Slime:5:  slime_pit_nicolae_block_by_block
Orc:1:    layout_caves
Orc:2:    st_orc_mages, layout_caves, basic_altar, gammafunk_ghost_split,
          mines1_david
Elf:1:    eino_elf_arrival_the_gate, layout_gridlike, hangedman_elf_represent,
          minivault_15, minmay_fountain_box
Elf:2:    elven_hall_of_blades_hangedman_original
          [nicolae_blade_entry_crossed_weapons], layout_onion_city,
          serial_shops, shop, portal_desolation_entry_twin_temple, minivault_4
Elf:3:    minmay_elf_hall_x, layout_loops_corners, serial_shops,
          nicolae_shop_hallway_stairs
Vaults:1: mu_enter_wizlab_3, nicolae_vaults_storage_closets_1,
          nicolae_vaults_theta, vaults_dpeg_doors, ontoclasm_vaults_chip,
          nicolae_vaults_tetromino_T_1, nicolae_vaults_shelves_hall,
          layout_vaults_chaotic_city, serial_shops, nicolae_shop_rolling_square,
          uniq_saint_roka
Vaults:2: st_spiral_rooms, vaults_room_boxed, nicolae_vaults_network_star,
          vaults_dpeg_encased_lava, nicolae_vaults_little_squares_3, v_misc_1,
          nicolae_vaults_storage_closets_2, v_misc_1,
          nicolae_vaults_puzzle_piece, grunt_vaults_focal,
          minmay_crypt_entry_simple_round, serial_library_hellmonk_open_cross,
          layout_vaults_omnibox, serial_shops, shop, uniq_mennas
Vaults:3: nicolae_vaults_network_quinsquares
          [nicolae_vaults_network_quincunx_subvault,
          nicolae_vaults_network_quincunx_subvault,
          nicolae_vaults_network_quincunx_subvault,
          nicolae_vaults_network_quincunx_subvault], vaults_mumra_chevron_long,
          v_misc_26, nicolae_vaults_big_ls, ontoclasm_vaults_gateway,
          nicolae_vaults_sesquioval_fish, nicolae_vaults_border_crossing,
          vaults_dpeg_cross, vaults_room_grunt_arrival_checkpoint,
          ontoclasm_vaults_tryst, layout_vaults_maze_bifur
Vaults:4: ontoclasm_vaults_pinch, nicolae_vaults_meiosis,
          nicolae_vaults_closet_pinwheel_3, ontoclasm_vaults_twist,
          nicolae_vaults_offset_grid_hallway_1,
          nicolae_vaults_diagonal_hallway_8, vaults_room_fancy_cross,
          nicolae_vaults_twisting_passages, nicolae_vaults_surprise_closet,
          nicolae_vaults_rhombus_5, grunt_vaults_hallway_short,
          layout_vaults_quadrants, uniq_mara
Vaults:5: uniq_sojobo
Depths:1: minmay_expanding_squares, layout_gridville, pan_entry, hex_tiny,
          pf_coc_iceberg, kennysheep_cross_room, minmay_swirly_circle,
          uniq_nikola, uniq_boris
Depths:2: grunt_profane_halls [grunt_profane_loot, grunt_profane_temple_dis,
          grunt_profane_temple_coc, grunt_profane_temple_geh,
          grunt_profane_temple_tar], pan_entry, hell_entry, serial_shops
Depths:3: minmay_stepped, layout_cave_pools, enter_ziggurat_c, grunt_hell_horde,
          serial_rivers, chequers_serial_rivers_large_a,
          chequers_serial_rivers_small_3, chequers_serial_rivers_micro_d,
          chequers_serial_rivers_micro_a, chequers_serial_rivers_micro_e,
          abyss_entry, infiniplex_staircase_diamond, uniq_frederick,
          uniq_margery, uniq_xtahua
Depths:4: grunt_zot_entry_tricorne, layout_cave_shapes, hell_entry,
          grunt_pan_entry_zigzag, serial_column_ruins, column_ruins_hut_ruined,
          column_ruins_hut_ruined, column_ruins_open_tiny,
          column_ruins_open_large, column_ruins_columns_straight,
          column_ruins_columns_straight, column_ruins_open_tiny,
          column_ruins_open_tiny, hangedman_abyss_or_decor_jellyfish_corner,
          kennysheep_kite_vault
Zot:1:    layout_onion, st_stairs_5
Zot:2:    nicolae_moth_party, layout_cathedral_of_symmetry, grunt_megastairs_5
Zot:3:    layout_basic
Zot:4:    gammafunk_its_a_trap, layout_cathedral_of_symmetry, uniq_josephina
Zot:5:    layout_basic

Skill      XL: |  1  2  3  4  5  6  7  8  9 10 11 12 13 14 15 16 17 18 19 20 21 22 23 24 25 26 |
---------------+-------------------------------------------------------------------------------+-----
Unarmed Combat | 1 2 3 4 5 6 8 9 10 12 14 15 16 17 19 20 23 24 | 24.1
Fighting       | 2 3 4 5 6 8 10 11 12 13 14 15 16 19 20 | 20.1
Evocations     | 1 4 6 |  6.0
Invocations    | 4 8 9 10 12 13 14 16 17 18 19 20 | 20.0
Dodging        | 5 8 10 12 | 12.0
Throwing       | 3 6 |  6.0
Shapeshifting  | 4 12 16 18 | 18.0
Shields        | 2 10 11 12 | 12.0
Translocations | 2 4 6 |  6.0
Spellcasting   | 1 2 |  2.0
Short Blades   | |  1.5
Stealth        | |  2.1

Action                     |  1- 3 |  4- 6 |  7- 9 | 10-12 | 13-15 | 16-18 | 19-21 | 22-24 | 25-27 || total
---------------------------+-------+-------+-------+-------+-------+-------+-------+-------+-------++-------
  Melee: Dagger            |    54 |       |       |       |       |       |       |       |       ||    54
         Punch             |     4 |       |     9 |    24 |    58 |    26 |       |       |       ||   121
         Unarmed           |    32 |    44 |   184 |   297 |   572 |   575 |   869 |   934 |   346 ||  3853
         Kick              |       |       |       |       |       |       |       |   195 |   126 ||   321
  Throw: Dart              |     8 |    26 |    26 |     5 |    23 |     7 |       |     4 |     1 ||   100
         Large rock        |       |     9 |    13 |     8 |     4 |       |       |       |       ||    34
         Boomerang         |       |       |    20 |    29 |    29 |    29 |     4 |     7 |     6 ||   124
         Throwing net      |       |       |       |       |     1 |     2 |       |       |     2 ||     5
   Cast: Blink             |       |       |       |       |       |       |       |     1 |       ||     1
 Invoke: Dark Bargain      |       |       |       |    12 |    33 |    32 |    35 |    39 |    22 ||   173
         Recall Undead Har |       |       |       |     4 |    39 |    14 |     7 |     6 |     4 ||    74
         Bind Soul         |       |       |       |       |     3 |     1 |     1 |     2 |       ||     7
         Drain Life        |       |       |       |       |     1 |       |       |       |       ||     1
  Evoke: Wand              |       |       |    16 |     5 |    44 |    29 |     9 |     8 |    10 ||   121
         Box of beasts     |       |       |       |       |     1 |     5 |     3 |     1 |       ||    10
         Lightning rod     |       |       |       |       |       |    16 |     7 |       |       ||    23
    Use: Scroll            |     4 |     5 |     3 |    11 |    14 |    14 |     6 |     8 |     2 ||    67
         Potion            |     2 |       |     6 |     2 |    12 |     7 |     8 |     9 |    12 ||    58
   Stab: Sleeping          |     6 |     2 |     1 |     1 |     1 |     2 |     5 |     4 |     1 ||    23
         Invisible         |       |       |     1 |       |     2 |       |     1 |       |       ||     4
         Paralysed         |       |       |     4 |     4 |     5 |     3 |     1 |     2 |     2 ||    21
         Distracted        |       |       |     2 |     3 |     5 |     8 |    12 |    11 |     8 ||    49
         Petrified         |       |       |       |       |       |     5 |       |       |       ||     5
         Fleeing           |       |       |       |       |       |       |     1 |     2 |       ||     3
         Held in net/web   |       |       |       |       |       |       |       |       |     1 ||     1
 Armour: Robe              |    56 |    26 |   113 |   201 |   454 |   180 |       |       |       ||  1030
         Skin              |       |       |     2 |       |       |   370 |   651 |   684 |   309 ||  2016
  Dodge: Dodged            |    39 |    16 |    54 |    89 |   288 |   261 |   372 |   440 |   139 ||  1698
  Block: Other             |       |       |       |       |    28 |    55 |       |       |       ||    83
         Reflection        |       |       |       |       |     4 |    77 |   115 |    24 |     4 ||   224
         Kite shield       |       |       |       |       |       |   382 |   811 |   853 |   237 ||  2283
   Form: Statue            |       |       |       |       |       |     1 |       |       |       ||     1
